 Dungeon Crawl Stone Soup version 0.20.2-3-g29329e0561 (webtiles) character file.

333 Alfie the Skirmisher (level 6, -6/53 HPs)
             Began as a Hill Orc Fighter on Dec 21, 2023.
             Mangled by Alfie's ghost (7 damage)
             ... on level 4 of the Dungeon.
             The game lasted 00:06:14 (2143 turns).

Alfie the Skirmisher (Hill Orc Fighter)             Turns: 2143, Time: 00:06:14

Health: -6/53      AC:  7    Str: 21    XL:     6   Next: 53%
Magic:  6/6        EV:  7    Int:  8    God:
Gold:   107        SH:  9    Dex: 10    Spells: 5/5 levels left

rFire    . . .     SeeInvis +   a - +0 rapier
rCold    . . .     Gourm    .   c - +0 shield
rNeg     . . .     Faith    .   b - +0 scale mail
rPois    .         Spirit   .   (no helmet)
rElec    .         Reflect  .   (no cloak)
rCorr    .         Harm     .   (no gloves)
MR       .....                  (no boots)
Stlth    ..........             (no amulet)
Regen    0.2/turn               u - ring of see invisible
MPRegen  0.1/turn               (no ring)

@: no status effects
A: no striking features
a: no special abilities


You were on level 4 of the Dungeon.
You were not hungry.

You visited 1 branch of the dungeon, and saw 4 of its levels.

You collected 107 gold pieces.

Inventory:

Hand Weapons
 a - a +0 rapier (weapon)
Missiles
 m - 8 tomahawks (quivered)
Armour
 b - a +0 scale mail (worn)
 c - a +0 shield (worn)
Jewellery
 t - an uncursed amulet of rage
 u - a ring of see invisible (left hand)
Wands
 n - a wand of flame (0/48)
Scrolls
 d - a scroll of teleportation
 e - a scroll of fear {unknown}
 k - 2 scrolls of remove curse {unknown}
 r - a scroll of magic mapping {unknown}
 s - a scroll of noise {unknown}
 v - a scroll of amnesia {unknown}
 w - a scroll of random uselessness {unknown}
Potions
 g - a potion of cancellation {unknown}
 h - a potion of ambrosia {unknown}
 i - a potion of haste {unknown}
 j - 4 potions of curing {unknown}
 l - 2 potions of flight {unknown}
 o - a potion of heal wounds {unknown}
 p - 2 potions of brilliance {unknown}
Comestibles
 f - 5 bread rations
 q - 3 royal jellies


   Skills:
 + Level 4.6 Fighting
 + Level 4.1 Short Blades
 + Level 1.7 Throwing
 + Level 4.3 Armour
 + Level 0.1 Dodging
 + Level 4.6 Shields


You had 5 spell levels left.
You didn't know any spells.

Dungeon Overview and Level Annotations

Branches:
Dungeon (4/15)
 Temple: D:4-7

Altars:
Cheibriados
Makhleb
Sif Muna
Vehumet

Annotations:
D:3 2 transporters
D:4 Alfie's ghost, novice HOFi


Message History

* * * LOW HITPOINT WARNING * * *
You hit Alfie's ghost but do no damage.
Alfie's ghost is moderately damaged.
Alfie's ghost hits you but does no damage.
You block Alfie's ghost's attack.
You closely miss Alfie's ghost.
Alfie's ghost is moderately damaged.
Alfie's ghost hits you.
* * * LOW HITPOINT WARNING * * *
You closely miss Alfie's ghost.
Alfie's ghost is moderately damaged.
You block Alfie's ghost's attack.
You hit Alfie's ghost.
Alfie's ghost is heavily damaged.
Alfie's ghost hits you!
* * * LOW HITPOINT WARNING * * *
You barely miss Alfie's ghost.
Alfie's ghost is heavily damaged.
Alfie's ghost hits you!
You die...

..##. ####### .....
#.....##.....
#..............
#..............
#..............
#....W.........
#....@.........#
#.?...##.....=...
#.....##.........
#................
#................
#..............# ..
#..............##..
#.....##......$...
#.....##......>...


You could see Alfie's ghost.

Vanquished Creatures
  Sigmund (D:2)
  A crimson imp (D:3)
  Jessica (D:3)
  A bullfrog skeleton (D:3)
  2 adders
  2 worms (D:2)
  3 dart slugs
  A leopard gecko (D:4)
  9 orcs (D:3)
  2 giant cockroaches
  5 goblins
  9 hobgoblins
  2 jackals (D:1)
  8 kobolds
  2 quokkas (D:2)
  7 bats
  4 frilled lizards
  7 rats
67 creatures vanquished.

Notes
Turn   | Place    | Note
-------+----------+-------------------------------------------
     0 | D:1      | Alfie the Hill Orc Fighter began the quest for the Orb.
     0 | D:1      | Reached XP level 1. HP: 19/19 MP: 1/1
    59 | D:1      | Reached XP level 2. HP: 20/27 MP: 2/2
   624 | D:2      | Reached XP level 3. HP: 15/33 MP: 3/3
   730 | D:2      | Noticed Sigmund
   741 | D:2      | Killed Sigmund
   741 | D:2      | Reached skill level 1 in Throwing
   741 | D:2      | Reached XP level 4. HP: 25/41 MP: 4/4
   741 | D:2      | Reached XP level 5. HP: 29/47 MP: 5/5
   744 | D:2      | Found a snail-covered altar of Cheibriados.
   815 | D:2      | Found a deep blue altar of Sif Muna.
  1275 | D:3      | Found a transporter.
  1288 | D:3      | Found a transporter.
  1484 | D:3      | Reached XP level 6. HP: 48/53 MP: 6/6
  1772 | D:3      | Found a radiant altar of Vehumet.
  1772 | D:3      | Noticed Jessica
  1773 | D:3      | Found a burning altar of Makhleb.
  1778 | D:3      | Killed Jessica
  2117 | D:4      | Noticed Alfie's ghost (novice HOFi)
  2142 | D:4      | HP: 1/53 [Alfie's ghost (9)]
  2143 | D:4      | Mangled by Alfie's ghost

Skill      XL: |  1  2  3  4  5  6 |
---------------+-------------------+-----
Fighting       | 4 |  4.6
Short Blades   | 3 4 |  4.1
Throwing       | 1 |  1.7
Armour         | 4 |  4.3
Shields        | 4 |  4.6
Dodging        | |  0.1

Action                   |  1- 3 |  4- 6 || total
-------------------------+-------+-------++-------
Melee: Rapier            |    68 |   182 ||   250
Throw: Tomahawk          |    19 |    10 ||    29
  Use: Potion            |     1 |       ||     1
       Scroll            |       |     5 ||     5
  Eat: Fruit             |       |     4 ||     4
       Bread ration      |       |     1 ||     1
Armor: Scale mail        |    15 |    69 ||    84
Dodge: Dodged            |    11 |    66 ||    77
Block: Shield            |    27 |    83 ||   110
